 Dungeon Crawl Stone Soup version 0.23.2-40-g277498a001 (webtiles) character file.

Game seed: 15736228810574844573

550 DraconicBadBoy the Cudgeler (level 7, -7/63 HPs)
             Began as a White Draconian Monk on Sept 23, 2019.
             Killed from afar by ChadusMaximus's ghost (25 damage)
             ... with an orb of energy
             ... on level 4 of the Dungeon.
             The game lasted 00:09:42 (4376 turns).

DraconicBadBoy the Cudgeler (White Draconian Monk)  Turns: 4376, Time: 00:09:43

Health: -7/63      AC:  6    Str: 15    XL:     7   Next: 7%
Magic:  7/7        EV: 13    Int: 10    God:
Gold:   151        SH:  0    Dex: 14    Spells: 6/6 levels left

rFire    . . .     SeeInvis +   s - +2 flail (crush)
rCold    + . .     Gourm    .   (no shield)
rNeg     . . .     Faith    .   (armour unavailable)
rPois    .         Spirit   .   (helmet restricted)
rElec    .         Reflect  .   (no cloak)
rCorr    .         Harm     +   (no gloves)
MR       .....                  (no boots)
Stlth    ++........             r - amulet of harm
HPRegen  0.20/turn              w - ring of see invisible
MPRegen  0.10/turn              (no ring)

@: no status effects
A: breathe frost, unfitting armour, cold resistance 1, cold-blooded, AC +6
a: Breathe Frost


You were on level 4 of the Dungeon.
You were not hungry.

You visited 1 branch of the dungeon, and saw 4 of its levels.

You collected 151 gold pieces.

Inventory:

Hand Weapons
 a - a +0 mace
 s - a +2 flail of crushing (weapon)
Jewellery
 r - an amulet of harm (around neck)
 w - a ring of see invisible (left hand)
Scrolls
 c - a scroll of identify
 f - a scroll of magic mapping
 g - 3 scrolls of noise
 i - 3 scrolls of amnesia {unknown}
 j - 3 scrolls of fear {unknown}
 l - 2 scrolls of teleportation {unknown}
 m - a scroll of remove curse {unknown}
 p - a scroll of fog {unknown}
 t - 3 scrolls of enchant armour {unknown}
Potions
 d - 2 potions of curing {unknown}
 e - a potion of cancellation {unknown}
 h - a potion of degeneration {unknown}
 k - 2 potions of haste {unknown}
 n - a potion of brilliance {unknown}
 o - a potion of heal wounds {unknown}
 q - 2 potions of ambrosia {unknown}
 u - a potion of mutation {unknown}
 x - a potion of might {unknown}
 z - a potion of flight {unknown}
Comestibles
 b - 7 rations
 v - 2 chunks of flesh


   Skills:
 - Level 6.0 Fighting
 + Level 6.6 Maces & Flails
 - Level 2.6 Dodging
 - Level 1.7 Stealth


You had 6 spell levels left.
You didn't know any spells.
Your spell library was empty.

Dungeon Overview and Level Annotations

Branches:
Dungeon (4/15)
 Temple: D:4-7

Altars:
Okawaru
Sif Muna
Trog

Annotations:
D:4 ChadusMaximus's ghost, novice DECj


Innate Abilities, Weirdness & Mutations

You can breathe waves of freezing cold.
You can buffet flying creatures when you breathe cold.
Your icy white scales are hard. (AC +6)
You cannot fit into any form of body armour.
Your flesh is cold resistant. (rC+)
You are cold-blooded and may be slowed by cold attacks.


Message History

You barely miss ChadusMaximus's ghost.
Your tail-slap misses ChadusMaximus's ghost.
ChadusMaximus's ghost closely misses you.
You miss ChadusMaximus's ghost.
Your tail-slap misses ChadusMaximus's ghost.
ChadusMaximus's ghost hits you.
You completely miss ChadusMaximus's ghost.
Your tail-slap misses ChadusMaximus's ghost.
ChadusMaximus's ghost casts a spell at you.
The orb of energy hits you!
* * * LOW HITPOINT WARNING * * *
The orb of energy explodes!
Okay, then.
ChadusMaximus's ghost casts a spell at you.
The orb of energy misses you.
The orb of energy explodes!
ChadusMaximus's ghost gestures at you while chanting.
The orb of energy misses you.
ChadusMaximus's ghost casts a spell at you.
The orb of energy hits you!!
You die...

###...###..#####.###.###
#...#.##...####..#
#...####
#.###.#....#....##
###.....
#..##.##'##..#### ######
##.##.#§§§##.####
#....#§§§##W...# #####
###..# #..##.### #...#
##.#####.###...####..##
#....#@.# ###.)..†..#
#.##.#.## ##...##.#
#.##...# ###.#....#
#.###..# #...######
#.##...### #.###
#....#....##.####
#.#######.......#### ###
#....[##....####
#.###....(......


You could see ChadusMaximus's ghost.

Vanquished Creatures
  Edmund (D:4)
  A scorpion (D:4)
  A bullfrog skeleton (D:4)
  4 orc wizards
  An iguana (D:3)
  A hound skeleton (D:4)
  6 gnolls (D:4)
  3 adders
  A worm (D:2)
  4 dart slugs
  4 leopard geckos
  25 orcs
  5 bats
  3 giant cockroaches
  7 goblins
  2 hobgoblins
  4 jackals (D:2)
  5 kobolds
  2 quokkas
  A ball python skeleton (D:4)
  2 frilled lizards
  A quokka skeleton (D:3)
  17 rats
101 creatures vanquished.

Vanquished Creatures (others)
  A hound zombie (D:4)
1 creature vanquished.

Grand Total: 102 creatures vanquished

Notes
Turn   | Place    | Note
-------+----------+-------------------------------------------
     0 | D:1      | DraconicBadBoy the Draconian Monk began the quest for the
                  | Orb.
     0 | D:1      | Reached XP level 1. HP: 19/19 MP: 1/1
   215 | D:1      | Reached XP level 2. HP: 27/27 MP: 2/2
   589 | D:1      | Reached XP level 3. HP: 34/34 MP: 3/3
  1259 | D:2      | Reached skill level 5 in Fighting
  1708 | D:2      | Found a bloodstained altar of Trog.
  1801 | D:3      | Reached XP level 4. HP: 23/44 MP: 4/4
  2421 | D:3      | Found a deep blue altar of Sif Muna.
  2692 | D:3      | Reached XP level 5. HP: 49/50 MP: 5/5
  2891 | D:4      | Noticed Edmund
  3479 | D:4      | Killed Edmund
  3479 | D:4      | Reached skill level 5 in Maces & Flails
  3479 | D:4      | Reached XP level 6. HP: 37/57 MP: 6/6
  3771 | D:4      | Found an iron altar of Okawaru.
  4194 | D:4      | Your scales start taking on an icy white colour.
  4194 | D:4      | Reached XP level 7. HP: 63/63 MP: 7/7
  4194 | D:4      | Gained mutation: Your flesh is cold resistant. (rC+) [White
                  | Draconian growth]
  4353 | D:4      | Found a runed translucent door.
  4353 | D:4      | Noticed ChadusMaximus's ghost (novice DECj)
  4376 | D:4      | Killed from afar by ChadusMaximus's ghost

Skill      XL: |  1  2  3  4  5  6 |
---------------+-------------------+-----
Fighting       | 4 5 6 |  6.0
Maces & Flails | 5 6 |  6.6
Dodging        | |  2.6
Stealth        | |  1.7

Action                   |  1- 3 |  4- 6 |  7- 9 || total
-------------------------+-------+-------+-------++-------
Melee: Mace              |   129 |   104 |       ||   233
       Tailslap          |     9 |    22 |     1 ||    32
       Flail             |       |    68 |    17 ||    85
 Abil: Breathe Frost     |       |       |     1 ||     1
  Use: Scroll            |     4 |     5 |       ||     9
 Stab: Sleeping          |    15 |     2 |       ||    17
  Eat: Chunk             |     3 |     4 |     1 ||     8
       Ration            |       |     1 |       ||     1
Armor: Skin              |    32 |    32 |     2 ||    66
Dodge: Dodged            |    76 |   128 |     9 ||   213
